 Dungeon Crawl Stone Soup version 0.30-a0-1082-g70414cbcbb (webtiles) character file.

Game seed: 13493965854159972609

44 AiryTheDragon the Gusty (level 3, 0/26 HPs)
             Began as a Draconian Air Elementalist on Apr 15, 2023.
             Succumbed to an adder's poison
             ... on level 2 of the Dungeon.
             The game lasted 00:13:22 (875 turns).

AiryTheDragon the Gusty (Draconian Air Elementalist) Turns: 875, Time: 00:13:22

Health: 0/26       AC: 13    Str: 10    XL:     3   Next: 39%
Magic:  0/6        EV: 12    Int: 15    God:
Gold:   75         SH:  0    Dex: 13    Spells: 2/6 levels left

rFire   . . .      SeeInvis .    b - +1 mace (protect)
rCold   . . .      Faith    .    (no shield)
rNeg    . . .      Spirit   .    (body armour unavailable)
rPois   .          Reflect  .    (helmet restricted)
rElec   .          Rampage  .    j - +0 cloak
rCorr   .                        (no gloves)
Will    .....                    (no boots)
Stlth   ++                       (no amulet)
HPRegen 0.24/turn                (no ring)
MPRegen 0.10/turn                (no ring)

@: lethally poisoned (0 -> -5), under a protective aura
A: AC +5, unfitting armour, cold-blooded
a: no special abilities


You were on level 2 of the Dungeon.
You visited 1 branch of the dungeon, and saw 2 of its levels.

You collected 75 gold pieces.

Inventory:

Hand Weapons
 b - a +1 mace of protection (weapon)
 c - a +0 dagger
 d - a +0 whip
 h - a +0 short sword
Missiles
 i - 4 stones
Armour
 j - a +0 cloak (worn)
Scrolls
 e - a scroll of fog {unknown}
 f - a scroll of magic mapping
 g - a scroll of fear {unknown}
Potions
 a - a potion of magic


   Skills:
 + Level 0.3 Fighting
 + Level 0.1 Maces & Flails
 + Level 1.9 Dodging
 + Level 2.1 Stealth
 + Level 2.4 Spellcasting
 + Level 1.0 Conjurations
 + Level 3.8 Air Magic


You had 2 spell levels left.
You knew the following spells:

 Your Spells              Type           Power      Damage    Failure   Level
a - Shock                 Conj/Air       36%        1d5       8%          1
b - Static Discharge      Conj/Air       18%        2-3/arc   12%         2
c - Apportation           Tloc           2%         N/A       22%         1

Your spell library contained the following spells:

 Spells                   Type           Power      Damage    Failure   Level
 Swiftness                Air            13%        N/A       13%         3
 Airstrike                Air            6%         2d(1-17)  41%         4
 Alistair's Intoxication  Tmut/Pois      0%         N/A       99%         5


Dungeon Overview and Level Annotations

Branches:
Dungeon (2/15)

Altars:


Innate Abilities, Weirdness & Mutations

Your plain brown scales are hard. (AC +5)
You cannot fit into any form of body armour.
You are cold-blooded and may be slowed by cold attacks.


Message History

You are poisoned.
The adder poisons you! The adder barely misses you.
The giant cockroach barely misses you.
You closely miss the adder.
The adder is heavily wounded.
You feel sick. The adder bites you but does no damage.
The giant cockroach bites you.
Casting: Shock (safe; 8% risk of failure)
Confirm with . or Enter, or press ? or * to list all spells.
The giant cockroach is struck by an arc of lightning.
The giant cockroach is severely wounded.
The adder is struck by an arc of lightning.
The adder is severely wounded.
The giant cockroach is struck by an arc of lightning.
You kill the giant cockroach!
The lightning grounds out.
You feel sick. The adder bites you but does no damage. The adder bites you.
You are more poisoned.
The adder poisons you!
Casting: Static Discharge (safe; 12% risk of failure)
Confirm with . or Enter, or press ? or * to list all spells.
The adder is struck by an arc of lightning.
The adder is almost dead.
The hobgoblin is struck by an arc of lightning.
The hobgoblin is severely wounded.
You are struck by an arc of lightning.
The lightning grounds out.
* * * LOW HITPOINT WARNING * * *
You feel very sick. The hobgoblin closely misses you.
The adder barely misses you.
Okay, then.
As you read the scroll labelled IGOAWU NUMAI, it crumbles to dust.
You feel aware of your surroundings.
You sensed 1 altar.
It was a scroll of magic mapping.
* * * LOW HITPOINT WARNING * * *
You feel sick. The adder barely misses you. The hobgoblin hits you.
* * * LOW HITPOINT WARNING * * *
You hit the adder.
Your weapon exudes an aura of protection.
You kill the adder!
You die...

**,*#.,* #####..#**** *,*
******,##.##*#.....#* *,*
,,,,,,,.....##<...#* **,*
*****,,##,#.....### *,,*
*****,,...##....##### **,**
,,,,,,,.............#** ***,,*
*****,,.....[#.####..[* *,,,**
******,........###***.***,***
**,,,*,.........@####,,,,,*
**,,,,,.......(.:g†.#**,,,*******
,,,,,**.#.#...####......#,,,,,,,,
,*,,,**,#.###.,,,*###....********
,,,,,*,,*,* ##**,,**,,...** *
,,,,,,,,*,* **,,,,,,,.,**
**,,,**,*,* **,,,**,,,,******
,,,,,**,,,** *,*****,,,,>,,,,
**,,,***,,,* *,***,,,,,,****,


You could see a hobgoblin.

Vanquished Creatures
  An adder (D:2)
  A gnoll (D:1)
  5 ball pythons (D:1)
  3 endoplasms (D:1)
  4 giant cockroaches
  3 goblins (D:1)
  3 hobgoblins (D:1)
  4 bats
  5 kobolds (D:1)
  2 rats (D:1)
31 creatures vanquished.

Notes
Turn   | Place    | Note
-------+----------+-------------------------------------------
     0 | D:1      | AiryTheDragon the Draconian Air Elementalist began the
                  | quest for the Orb.
     0 | D:1      | Reached XP level 1. HP: 14/14 MP: 3/3
   115 | D:1      | Reached XP level 2. HP: 20/20 MP: 0/5
   151 | D:1      | Learned a level 2 spell: Static Discharge
   315 | D:1      | Reached XP level 3. HP: 26/26 MP: 1/6
   531 | D:1      | Learned a level 1 spell: Apportation
   875 | D:2      | Succumbed to an adder's poison

Illustrated notes

Levels and vault maps discovered:
D:1:      minmay_arrival_shoal_huts, layout_basic
D:2:      layout_rooms, ebering_ecumenical_altar_hall,
          pf_guarded_unrand_woodcutter

Skill      XL: |  1 |
---------------+----+-----
Stealth        | 2 |  2.1
Fighting       | |  0.3
Maces & Flails | |  0.1
Dodging        | |  1.9
Spellcasting   | |  2.4
Conjurations   | |  1.0
Air Magic      | |  3.8

Action                     || total
---------------------------++-------
  Melee: Mace              ||    49
         Tailslap          ||     3
   Cast: Shock             ||    25
         Static Discharge  ||     4
    Use: Scroll            ||     1
   Stab: Sleeping          ||     2
 Armour: Skin              ||    27
  Dodge: Dodged            ||    48

Table legend: (Time is in decaauts)
 A = Elapsed time spent in this place.
 B = Non-inter-level travel time spent in this place.
 C = Inter-level travel time spent in this place.
 D = Time resting spent in this place.
 E = Time spent auto-exploring this place.
 F = Levels seen in this place.
 G = Mean time per level.
                   A        B        C        D        E       F      G
               +--------+--------+--------+--------+--------+-----+--------+
         Total |    898 |    889 |      9 |     26 |    515 |   2 |  449.0 |
       Dungeon |    898 |    889 |      9 |     26 |    515 |   2 |  449.0 |
               +--------+--------+--------+--------+--------+-----+--------+

Top non-repeatable levels by time:
     D:1: 873 daAuts
     D:2: 25 daAuts
